[Event "FRA-ch Youth 2017"]
[Site "Belfort"]
[Date "2017.04.23"]
[Round "9"]
[White "Cohen Revivo, Shoham"]
[Black "Degraeve, Remy"]
[Result "1-0"]
[ECO "B07"]
[WhiteElo "2221"]
[BlackElo "2126"]
[Annotator "NA RC"]
[PlyCount "99"]
[EventDate "2017.??.??"]
[EventCountry "FRA"]
[SourceTitle "playchess.com"]
[Source "ChessBase"]
[SourceQuality "1"]
[TimeControl "5400+30"]

1. e4 d6 2. d4 Nf6 3. Nc3 g6 4. Bg5 Bg7 5. Qd2 Nbd7 6. O-O-O h6 {[%emt 0:10:46] B07: Pirc Defence: Miscellaneous Systems} 7. Bh4 {[%emt 0:00:16] LiveBook: 23 Games} e5 8. Nf3 $146 ({White should try} 8. dxe5 $16 dxe5 9. Nf3 (9. f4 Nxe4 10. Qe1 g5 11. Qxe4 gxh4 12. Nf3 O-O 13. fxe5 Re8 14. Bc4 c6 {1-0 (29) Erdogdu,M (2437)-Muratoglu,S (2069) Istanbul 2013})) 8... exd4 9. Qxd4 O-O 10. Bc4 g5 11. Bg3 Ng4 {[%emt 0:00:06] [#]} (11... Nh5 $11 {remains equal.} 12. Qe3 Re8) 12. Qd2 $1 Nge5 13. Nxe5 (13. Be2 $16) 13... Nxe5 14. Bb3 Ng6 15. Rhf1 Be6 16. Kb1 Bxb3 17. axb3 Be5 18. h4 Bxc3 $1 19. bxc3 gxh4 20. Bf4 Nxf4 21. Qxf4 Qg5 22. Qf3 f5 {[%emt 0:04:41] [#]} (22... Rfe8 $11 {keeps the balance.}) 23. e5 $1 dxe5 24. Qxb7 Qe7 {[%emt 0:01:41] [#]} 25. Qc6 $1 Qf6 26. Qxc7 Rac8 27. Qb7 Rfd8 (27... e4 $14) 28. Rxd8+ ({Much less strong is} 28. Qxa7 $6 Rxc3 29. Rxd8+ Qxd8 $14) 28... Rxd8 29. Qxa7 Qc6 30. Qe7 Ra8 31. Rd1 ({Not} 31. Qxh4 Qxc3 32. Qg3+ Qxg3 33. fxg3 Rf8 $16) ({But not} 31. Qxe5 $2 Qa6 32. Qd5+ Kg7 33. Qxa8 Qxa8 $19) 31... Qa6 32. Rd8+ Rxd8 33. Qxd8+ Kg7 34. Qxh4 Qf1+ 35. Kb2 Qxg2 36. Qe7+ Kg6 37. Qe6+ ({Not} 37. Qxe5 Qxf2 38. c4 Qb6 $18) 37... Kh5 38. Qxf5+ Kh4 39. Qf6+ Kg4 40. Qxh6 Qxf2 $11 41. Qg6+ Kh4 42. Qh6+ $2 Kg3 $2 43. Qg7+ Kh3 (43... Kf3 44. Qxe5) 44. Qxe5 Qb6 45. Qd4 Qb7 46. c4 (46. b4 $142 Kg2 47. Kb3 Qb8 48. c4 Qg3+ 49. Qd3 Qc7 50. Qd5+ Kh2 51. c5) 46... Qc6 47. c5 Qb7 48. c6 Qa8 49. c7 Kg2 50. Qd8 1-0

[Event "FRA-ch Youth 2017"]
[Site "Belfort"]
[Date "2017.04.23"]
[Round "9"]
[White "Tomasi, Albert"]
[Black "Harutyunyan, Ruben"]
[Result "0-1"]
[ECO "C11"]
[WhiteElo "2176"]
[BlackElo "2218"]
[Annotator "NA"]
[PlyCount "85"]
[EventDate "2017.??.??"]
[EventCountry "FRA"]
[SourceTitle "playchess.com"]
[Source "ChessBase"]
[SourceQuality "1"]
[TimeControl "5400+30"]

1. e4 e6 2. d4 d5 3. Nc3 Nf6 4. Bg5 dxe4 5. Nxe4 Nbd7 6. Nxf6+ Nxf6 7. Nf3 Be7 8. Bd3 h6 9. Bh4 c5 10. dxc5 Qa5+ {[%emt 0:01:05] C10: French with 3 Nc3: Unusual Black 3rd moves and 3...dxe4} 11. c3 Qxc5 12. Qe2 a6 (12... Bd7 13. Ne5 Bc6 14. O-O O-O 15. Rad1 a5 16. Kh1 Rfd8 17. f4 Be8 18. f5 {1-0 (42) Palac,M (2623)-Kosic,D (2517) Baku 2016}) 13. O-O {[%emt 0:05:16] LiveBook: 5 Games} Nh5 14. b4 Qc7 15. Bb5+ $146 (15. Bxe7 Kxe7 16. Ne5 Nf6 17. c4 {½-½ (25) Todorovic,G (2511)-Kosic,D (2515) Kopaonik 2005}) 15... axb5 16. Qxb5+ Bd7 17. Qxh5 Bxh4 18. Qxh4 Qxc3 19. Rac1 Qf6 20. Qe4 O-O 21. Qxb7 Rfd8 22. Rfd1 Qb2 $1 23. Ne1 Ba4 ({But not} 23... Rxa2 $2 24. Rc2 Qb3 25. Rxd7 $18) 24. Rxd8+ Rxd8 25. Rc8 Rxc8 (25... Re8 $1 $11) 26. Qxc8+ Kh7 27. Qc4 Qa1 {[%emt 0:06:48] [#]} 28. Kf1 $1 Qe5 29. f4 Qb2 30. Nd3 Qd2 $1 31. Ne5 (31. h3 $14) 31... Bc2 32. h3 $2 (32. Kg1 $1 $11) 32... f6 33. Qxe6 fxe5 34. Qxe5 Qxb4 35. Kf2 Bb1 36. g4 Qa3 37. Qe3 Qxe3+ 38. Kxe3 Bxa2 39. f5 Bb1 40. Kf4 g5+ 41. fxg6+ Kxg6 42. h4 Bc2 $19 43. Kg3 $2 (43. Ke5 $17) 0-1

[Event "FRA-ch Youth 2017"]
[Site "Belfort"]
[Date "2017.04.23"]
[Round "9"]
[White "Daeschler, Florian"]
[Black "Sarafian, Thomas"]
[Result "1-0"]
[ECO "B52"]
[WhiteElo "2124"]
[BlackElo "1892"]
[Annotator "NA RC"]
[PlyCount "72"]
[EventDate "2017.??.??"]
[EventCountry "FRA"]
[SourceTitle "playchess.com"]
[Source "ChessBase"]
[SourceQuality "1"]
[TimeControl "5400+30"]

1. Nf3 c5 2. e4 d6 3. Bb5+ Bd7 4. Bxd7+ Nxd7 5. O-O g6 6. c3 Ngf6 7. Qe2 {[%emt 0:01:45] LiveBook: 25 Games} Bg7 8. d4 O-O {[%emt 0:04:57] B52: Sicilian: Moscow Variation with 3...Bd7} (8... Qc7 $14) 9. e5 dxe5 10. dxe5 Nd5 11. Rd1 $146 (11. e6 N7b6 12. exf7+ Rxf7 13. Ng5 Rf6 14. Re1 Nc7 15. Nd2 Qd5 16. Nb3 Rf5 17. Nf3 Nc4 18. Nbd2 Ne5 19. Nxe5 Rxe5 20. Qf1 Rd8 21. Rxe5 Bxe5 22. Nf3 Bf6 23. Be3 {½-½ (23) Freeman,M (2397)-Rotova,M (2067) ICCF email 2001}) 11... e6 12. Bg5 (12. c4 $16 Nb4 13. Nc3) 12... Qc7 13. c4 Nb4 $1 14. Be7 Nxe5 15. Bxf8 Nxf3+ 16. Qxf3 Bxb2 (16... Rxf8 $11 17. Nc3 Nc6) 17. Bd6 Qb6 {[%emt 0:00:29] [#]} 18. a3 ({Weaker is} 18. Bxc5 Qxc5 19. Qxb7 Rf8 $15) (18. Nc3 $1 $16 Bxa1 19. Na4 (19. Rxa1 Qxd6 20. Qxb7 Rd8 $19)) 18... Bxa1 19. axb4 cxb4 20. c5 Qb5 (20... Qc6 $16) 21. Nd2 Bg7 22. Ne4 a5 23. Ng5 Qd7 24. Ne4 Qc6 25. Nf6+ Kh8 26. Qf4 b3 27. Bb8 Qc8 {[%emt 0:00:53] [#]} 28. Bc7 $2 ({White must play} 28. Qh4 $1 $18 h6 29. Be5) 28... a4 (28... g5 $11 29. Qg3 (29. Qe5 a4 $17) 29... Bxf6) 29. Nd7 a3 $1 ({Not} 29... g5 $2 30. Qg3 Qg8 31. Nb6 $16 (31. Qxg5 a3 $14)) 30. Nb6 a2 31. Be5 $1 (31. Nxc8 a1=Q 32. Qd2 h5 $19) 31... Qxc5 32. Qa4 $1 Bxe5 (32... Rg8 $11 {and Black has nothing to worry.} 33. Bxg7+ Kxg7 34. Qxb3 e5) 33. Qxa8+ Kg7 34. Nd7 Qb4 35. Nxe5 Qc5 $18 36. Nd7 Qh5 1-0

[Event "FRA-ch Youth 2017"]
[Site "Belfort"]
[Date "2017.04.23"]
[Round "9"]
[White "David, Bogdan-Emanuel"]
[Black "Maache, Jawad"]
[Result "1/2-1/2"]
[ECO "B01"]
[WhiteElo "2099"]
[BlackElo "2119"]
[Annotator "NA RC"]
[PlyCount "148"]
[EventDate "2017.??.??"]
[EventCountry "FRA"]
[SourceTitle "playchess.com"]
[Source "ChessBase"]
[SourceQuality "1"]
[TimeControl "5400+30"]

1. e4 d5 2. exd5 Qxd5 3. Nc3 Qa5 4. d4 Nf6 5. Bc4 Bg4 6. f3 Bf5 7. Bd2 {[%emt 0:03:27] B01: Scandinavian Defence} Qb6 8. Nge2 e6 9. g4 Bg6 10. h4 h6 11. Nf4 {[%emt 0:05:49] LiveBook: 6 Games} Nc6 $1 12. Nxg6 fxg6 13. Na4 Qxd4 14. Qe2 Qe5 $1 15. O-O-O $146 (15. Bb5 Qxe2+ 16. Kxe2 {½-½ (61) Berg,E (2540)-Kovacevic,B (2463) Kusadasi 2006}) 15... Qxe2 16. Bxe2 Bd6 17. Be3 Nd5 18. Bf2 O-O-O 19. Bd3 (19. Rhe1 $142) 19... Ne5 20. Rhe1 Rhf8 21. Nc5 Nxf3 ({Black should try} 21... Rxf3 $19 22. Bg1 Nxd3+ 23. Rxd3 Bf4+ 24. Kd1 Rxd3+ 25. Nxd3 Bg3 26. Rxe6 Bxh4) 22. Rxe6 Nf4 23. Re4 Nxd3+ 24. Nxd3 Rde8 25. Rc4 (25. Rxe8+ $17 Rxe8 26. Rh1) 25... Ne5 26. Nxe5 Bxe5 27. Bxa7 Rf4 28. Bd4 Rxg4 29. Ra4 Bxd4 30. Raxd4 Rxd4 31. Rxd4 Re5 32. Kd2 g5 33. Rg4 gxh4 34. Rxg7 Rh5 35. Rg2 Kd7 36. Ke3 Ke6 37. Kf4 Kf6 38. Rh2 Rc5 39. b3 ({White should try} 39. Kg4 $15) 39... Rb5 40. Rxh4 Kg6 41. Rh2 h5 42. Re2 Kf6 43. Re8 c6 44. Rh8 Rf5+ 45. Kg3 Rg5+ 46. Kh3 Rc5 47. c4 b5 48. Rc8 Ke6 (48... b4 $11) 49. cxb5 Rxb5 50. Rxc6+ Kd5 51. Rc4 Ra5 52. a4 Kd6 53. Kh4 Kd7 54. Rb4 Rd5 55. Kg3 ({But not} 55. Rb5 $6 Rxb5 56. axb5 Kc7 $11) 55... Rg5+ 56. Kf3 Rc5 {[%emt 0:00:22] [#]} (56... Kc6 $16 {keeps fighting.} 57. Kf2 Rg8 58. Rc4+ Kb6) 57. Ke3 (57. Rd4+ $1 $18 {and White stays clearly on top.} Ke6 58. b4) 57... h4 58. Kf3 h3 59. Kg3 Rc3+ 60. Kh2 Kd6 61. Rb5 Kc6 62. b4 Ra3 63. Rc5+ Kb6 64. a5+ Ka6 65. Rc6+ Kb7 66. Rh6 Rb3 67. Rb6+ Ka7 $1 68. Kh1 Rb2 69. Kg1 Rb1+ 70. Kh2 Rb3 71. b5 Ra3 72. Ra6+ Kb7 73. Rh6 Rxa5 $11 74. Kxh3 Rxb5 1/2-1/2

[Event "FRA-ch Youth 2017"]
[Site "Belfort"]
[Date "2017.04.23"]
[Round "9"]
[White "Attard, Leopold"]
[Black "Lux, Hugo de Melo"]
[Result "1-0"]
[ECO "A46"]
[WhiteElo "2090"]
[BlackElo "2089"]
[Annotator "NA RC"]
[PlyCount "127"]
[EventDate "2017.??.??"]
[EventCountry "FRA"]
[SourceTitle "playchess.com"]
[Source "ChessBase"]
[SourceQuality "1"]
[TimeControl "5400+30"]

1. d4 Nf6 2. Nf3 e6 3. c4 c5 4. g3 cxd4 5. Nxd4 d5 6. Bg2 e5 7. Nf3 e4 {[%emt 0:01:51] E01: Catalan: Early deviations} (7... d4 8. O-O Nc6 9. e3 Be7 10. exd4 exd4 11. Bf4 Be6 12. Nbd2 O-O 13. Ne5 Rc8 14. Re1 Qb6 15. Qb3 Rfd8 16. Rad1 h6 17. h3 Bd6 18. Ndf3 Nxe5 19. Bxe5 Qxb3 20. axb3 {½-½ (71) Shomoev,A (2543)-Short,N (2683) Bangkok 2017}) 8. Nd4 dxc4 9. O-O Bc5 {[%emt 0:07:39] LiveBook: 7 Games} 10. Nb5 Qxd1 $146 (10... Qb6 $1 $15 {stays ahead.} 11. N5c3 (11. N5a3 e3 12. Bxe3 Bxe3 13. Nxc4 Bxf2+ 14. Rxf2 Qc7 15. Nd6+ Ke7 16. Nxc8+ Rxc8 17. Nc3 Nbd7 18. Qb3 Rab8 19. Rd1 Qc4 20. Nd5+ Kf8 21. Nxf6 Nxf6 22. Rd8+ {1-0 (22) Rotstein,A (2505)-Bosiocic,M (2578) Austria 2009}) 11... e3 12. fxe3 Bxe3+ 13. Bxe3 Qxe3+ 14. Kh1 O-O) 11. Rxd1 Na6 12. N1c3 Bd7 13. Nd4 ({Better is} 13. Bg5 $16) 13... Rd8 14. Bg5 Bc8 15. Ndb5 Rxd1+ 16. Rxd1 e3 17. Bxe3 O-O 18. Nxa7 Bxe3 19. Nxc8 ({Less strong is} 19. fxe3 Nc5 20. Nxc8 Rxc8 $16) 19... Bc5 20. Bxb7 Nc7 21. Nd6 Rb8 22. Nde4 ({Weaker is} 22. Nxc4 Rxb7 23. Rd8+ Bf8 $11) 22... Be7 23. Bc6 Rxb2 24. Rb1 Rxb1+ 25. Nxb1 Nxe4 26. Bxe4 Bb4 27. e3 Na6 28. Kf1 Nc5 29. Bc2 Kf8 30. Ke2 ({Inferior is} 30. Bxh7 g6 31. Ke2 Kg7 $17) 30... c3 31. e4 Ke7 32. Ke3 Nd7 (32... g5 $16 {is a better defense.} 33. f3 Nd7) 33. f4 Bc5+ 34. Kd3 Bg1 35. Nxc3 Kd6 36. Ne2 Bf2 37. e5+ Kc7 38. Ke4 g6 39. Bb3 f6 40. Bg8 ({Don't take} 40. e6 Nc5+ 41. Kd5 Na6) 40... fxe5 41. fxe5 Nf8 42. Nf4 Kd7 43. g4 h6 44. Bd5 Ke7 45. a4 Bb6 46. Bc4 Ba5 47. Nd5+ Kd8 48. Ne3 Nd7 49. Bb5 Nb6 50. h4 Ke7 51. h5 Kf7 52. Bc4+ (52. Nc4 $142) 52... Kg7 53. Bb3 Bc3 54. hxg6 Kxg6 55. Nf5 Nd7 56. e6 Nc5+ 57. Kd5 Nxb3 58. Kc4 h5 59. e7 Kf7 60. gxh5 Nd2+ 61. Kxc3 Ne4+ 62. Kd4 Nf6 63. h6 Kg6 64. Nd6 1-0

[Event "FRA-ch Youth 2017"]
[Site "Belfort"]
[Date "2017.04.23"]
[Round "9"]
[White "Dillenschneider, Ernesto"]
[Black "Lever, Erwan"]
[Result "1/2-1/2"]
[ECO "D85"]
[WhiteElo "2037"]
[BlackElo "2129"]
[Annotator "NA RC"]
[PlyCount "64"]
[EventDate "2017.??.??"]
[EventCountry "FRA"]
[SourceTitle "playchess.com"]
[Source "ChessBase"]
[SourceQuality "1"]
[TimeControl "5400+30"]

1. d4 Nf6 2. c4 g6 3. Nc3 d5 4. cxd5 Nxd5 5. e4 Nxc3 6. bxc3 Bg7 7. Be3 c5 8. Nf3 Qa5 9. Qd2 {[%emt 0:01:27] LiveBook: 962 Games} a6 $146 {[%emt 0:10:56] D85: Exchange Grünfeld: Unusual White 7th moves and lines with 7 Nf3} (9... O-O 10. Rc1 Nd7 11. Bd3 b6 12. O-O e6 13. Qe2 Bb7 14. Nd2 Qxa2 15. Ra1 Qb2 16. Rfb1 Qxc3 17. Nc4 Nf6 18. Ra3 Nxe4 19. Bxe4 Bxe4 20. Rxc3 Bxb1 {1-0 (65) Onischuk,A (2667)-Robson,R (2668) Saint Louis 2017}) 10. Rc1 cxd4 11. cxd4 Qxd2+ 12. Nxd2 O-O 13. Be2 Nc6 14. Nb3 e5 (14... a5 $11 {remains equal.}) 15. dxe5 Bxe5 16. a4 Re8 17. O-O Bg7 18. f3 f5 19. Bd3 fxe4 20. Bxe4 Bf5 21. Nc5 Nd4 22. Rfe1 Bxe4 23. Nxe4 Rac8 24. Bxd4 Bxd4+ 25. Kf1 Rxc1 26. Rxc1 Re7 27. Ke2 h5 28. Rc4 Be5 29. g3 h4 30. f4 Bc7 31. Kf3 hxg3 32. hxg3 Ba5 $14 1/2-1/2

[Event "FRA-ch Youth 2017"]
[Site "Belfort"]
[Date "2017.04.23"]
[Round "9"]
[White "Leriche, Ines"]
[Black "Bellahcene, Anissa"]
[Result "1-0"]
[ECO "D35"]
[WhiteElo "2037"]
[BlackElo "1806"]
[Annotator "NA RC"]
[PlyCount "57"]
[EventDate "2017.??.??"]
[EventCountry "FRA"]
[SourceTitle "playchess.com"]
[Source "ChessBase"]
[SourceQuality "1"]
[TimeControl "5400+30"]

1. d4 d5 2. c4 e6 3. Nc3 Nf6 4. cxd5 exd5 5. Bg5 Nbd7 6. e3 c6 7. Bd3 Be7 8. h3 O-O 9. Nf3 Re8 10. O-O h6 {[%emt 0:00:45] D35: Queen's Gambit Declined: Exchange Variation} (10... Nf8 11. Bf4 Bd6 12. Bxd6 Qxd6 13. Ne5 N6d7 14. Nxd7 Bxd7 15. Rb1 a5 16. Na4 Be6 17. Qc2 Rad8 18. a3 {0-1 (44) Belov,V (2608)-Dorfman,J (2595) playchess.com INT 2006}) 11. Bf4 {[%emt 0:01:14] LiveBook: 5 Games} Nb6 12. Qc2 Be6 13. Bh2 Rc8 14. Ne5 Nfd7 $146 (14... c5 15. dxc5 Bxc5 16. Rac1 Qe7 17. Rfd1 Red8 18. Nf3 a6 19. Be5 Nc4 20. Bd4 b5 21. Qe2 Rc7 {½-½ (21) Kibalnichenko,S-Andrijevsky Podolsk 1993}) 15. f4 Nxe5 16. fxe5 (16. dxe5 $16 Bh4 17. Rad1) 16... c5 17. Qf2 Bg5 18. Ne2 Nc4 19. Nf4 Qe7 20. b3 Nb6 21. Bg3 Qd7 22. h4 $2 (22. Nxe6 $18 Rxe6 23. Bf5) 22... Bxf4 $1 23. exf4 cxd4 $2 (23... c4 $11 {and Black is okay.}) 24. f5 ({Weaker is} 24. Qxd4 Bf5 $14) 24... Rc3 25. fxe6 fxe6 26. Qxd4 Rec8 27. Rad1 Qe7 28. Qg4 Rf8 29. Qg6 $18 1-0

[Event "FRA-ch Youth 2017"]
[Site "Belfort"]
[Date "2017.04.23"]
[Round "9"]
[White "Popov, Konstantin"]
[Black "Candelot, Clement"]
[Result "1/2-1/2"]
[ECO "C78"]
[WhiteElo "2026"]
[BlackElo "1839"]
[Annotator "NA RC"]
[PlyCount "176"]
[EventDate "2017.??.??"]
[EventCountry "FRA"]
[SourceTitle "playchess.com"]
[Source "ChessBase"]
[SourceQuality "1"]
[TimeControl "5400+30"]

1. e4 e5 2. Nf3 Nc6 3. Bb5 a6 4. Ba4 Nf6 5. O-O b5 6. Bb3 Bc5 7. d3 h6 8. a4 {[%emt 0:00:18] C78: Ruy Lopez: Archangelsk and Möller Defences} Rb8 9. axb5 axb5 10. c3 d6 11. Nbd2 O-O 12. h3 {[%emt 0:00:30] LiveBook: 4 Games} Re8 13. Re1 Bb7 $146 (13... Bb6 14. Nf1 Ne7 15. Nh4 Be6 16. Be3 Qd7 17. Bxe6 Qxe6 18. Bxb6 Rxb6 {½-½ (31) Zhao,J (2634)-Xu,J (2527) Xinghua 2016}) 14. Nf1 d5 (14... Bc8 $11) 15. exd5 Nxd5 16. d4 Bb6 17. dxe5 Na5 18. Bc2 Ne7 {[%emt 0:02:26] [#]} 19. Nd4 $1 Bxd4 20. Rxa5 (20. cxd4 $18 Nac6 21. Qd3) 20... Qd5 21. Qg4 h5 (21... Bb6 $14 22. Ra1 h5) 22. Qe4 Qxe4 23. Bxe4 Bxe4 24. Rxe4 Bb6 25. Ra1 Ng6 26. e6 Rxe6 27. Rxe6 fxe6 28. Be3 Bxe3 29. Nxe3 Rb7 30. Nc2 Nf4 31. Nd4 c5 32. Ra8+ Kh7 33. Nf3 Kg6 34. Rc8 Nd3 35. Rc6 Kf6 36. h4 b4 37. Ng5 Nxb2 38. Nxe6 Ke5 (38... c4 $1 $11 39. Nd8+ Ke5 40. Rc5+ (40. Nxb7 bxc3 41. Nd6 Kd5 $11) 40... Kf6 41. Rc6+ (41. Nxb7 bxc3 42. Ra5 c2 $16) 41... Ke5 42. Rc5+ Kf6 43. Rc6+) 39. Nxc5 Rb5 40. cxb4 Rxb4 41. Nd7+ Kf5 42. Rc5+ Ke6 43. Nf8+ Ke7 44. Rf5 Rb6 45. Nh7 g6 46. Rc5 Nd3 47. Rc7+ Ke6 48. Ng5+ Kf5 49. g3 Rb2 50. Rf7+ Ke5 51. f4+ Kd4 52. Rd7+ (52. Re7) 52... Ke3 $1 53. Re7+ Kd4 54. Nf3+ Kd5 55. Ne5 Rb1+ 56. Kg2 Rb2+ 57. Kf1 Nc5 58. Nxg6 Ne4 59. Rd7+ Ke6 $1 60. Rd3 Kf5 61. Ne5 Rb1+ 62. Kg2 Rb2+ 63. Kf3 Rh2 64. Nf7 Nf6 $2 ({Better is} 64... Nd2+ $14 65. Ke3 Nf1+ 66. Kd4 Nxg3) 65. Nh6+ Kg6 66. Rd6 Kg7 67. Nf5+ Kg6 68. Ne3 Kf7 69. Rc6 Ra2 70. Rc7+ Ke6 $2 (70... Ke8 {was worth a try.} 71. Nc4 Kf8 72. Rc8+ Kg7) 71. f5+ Kd6 72. Rf7 Ke5 73. Re7+ Kd4 74. Re6 Ra3 75. Rxf6 Rxe3+ 76. Kg2 (76. Kf4 $142 {Hoping for Rd6+.} Re4+ 77. Kg5 Rg4+ 78. Kxh5 Rxg3 79. Rg6) 76... Re5 (76... Re2+ $142 77. Kf3 Ra2) 77. Kh3 $2 (77. Rf8 $18 {is more deadly. Black must now prevent f6.} Ke4 78. f6) 77... Ke4 78. g4 Kf3 $1 79. gxh5 Re1 80. Kh2 Re4 81. Rh6 Rxh4+ 82. Kg1 Rf4 83. Rh8 Rxf5 84. h6 Rf7 85. h7 Kf4 86. Kg2 Kf5 $1 87. Kg3 Kf6 88. Kg4 Kg7 $11 1/2-1/2

[Event "FRA-ch Youth 2017"]
[Site "Belfort"]
[Date "2017.04.23"]
[Round "9"]
[White "Retailleau, Elise"]
[Black "Aubert, Laurane"]
[Result "1-0"]
[ECO "B40"]
[WhiteElo "1946"]
[BlackElo "1998"]
[Annotator "NA RC"]
[PlyCount "133"]
[EventDate "2017.??.??"]
[EventCountry "FRA"]
[SourceTitle "playchess.com"]
[Source "ChessBase"]
[SourceQuality "1"]
[TimeControl "5400+30"]

1. e4 c5 2. Nf3 e6 3. d4 cxd4 4. Nxd4 Nf6 5. Bd3 Nc6 6. Nxc6 bxc6 7. O-O d5 8. Nc3 Be7 9. e5 {[%emt 0:01:21] B40: Sicilian: 2...e6, Unusual lines} (9. Qe2 O-O 10. b3 Bb7 11. Bb2 c5 12. Rad1 Qc7 13. Nb5 Qb6 14. e5 Nd7 15. c4 d4 16. f4 g6 17. Be4 Bxe4 18. Qxe4 {1-0 (61) Pichot,A (2544)-Tregubov,P (2585) Doha 2016}) 9... Nd7 10. Qg4 Nxe5 11. Qxg7 Bf6 12. Qh6 Nxd3 13. cxd3 Ba6 14. Rd1 Qe7 $146 (14... Rb8 15. Ne2 Rg8 16. Rb1 Rb4 {1-0 (55) Cravens,D (1803)-Lannoy,J (1643) IECC email 2010}) 15. d4 O-O-O (15... Rg8 $14) 16. Na4 (16. Bf4 $16) 16... Rdg8 (16... Be2 $11 17. Re1 Bb5) 17. Qe3 Rg6 18. Nc5 Bb7 19. Qc3 Rhg8 20. g3 Rg4 21. b4 ({Much less strong is} 21. Nxb7 $6 Qxb7 22. Kh1 Kb8 $14) 21... Qc7 22. Kh1 e5 23. Qf3 Qe7 (23... Be7 $142 24. Qf5+ Kd8) 24. Qf5+ Kc7 25. Rb1 Bc8 {[%emt 0:00:53] [#]} 26. Qf3 $1 Rxd4 27. Rxd4 exd4 28. Bf4+ Kd8 29. Nd3 $2 {[%emt 0:02:18] [#]} (29. Rc1 $16 {and life is bright.}) 29... Bg4 $1 ({Less strong is} 29... Qe4 30. Qxe4 dxe4 31. Ne5 $17) 30. Qg2 {[%emt 0:02:08] [#]} Qe4 $2 (30... Qe2 $1 $19 {has better winning chances.} 31. Ne1 Re8) 31. Qxe4 dxe4 32. Nc5 Bf3+ 33. Kg1 $11 {[%emt 0:00:38] keeps the balance.} Be7 34. Nb3 Bf6 ({Worse is} 34... Bxb4 35. Nxd4 Bf8 36. Nxc6+ (36. Nxf3 exf3 37. Rb7 Ke8 $16) 36... Kd7 37. Ne5+ (37. Nxa7 Bc5 $11) (37. Nd4 Bg4 38. Rb7+ Ke8 39. Rb8+ Ke7 40. Nc6+ Kf6 $16) 37... Ke6 38. Rb8 $16 (38. Nxf3 exf3 39. Rb8 Rh8 40. Re8+ Kd7 $16)) (34... d3 $1 $15) 35. Nd2 Re8 36. Nxf3 exf3 37. Kf1 Re2 38. a3 d3 $2 (38... Ra2 $19 39. Rd1 Rxa3) 39. Rd1 Bd4 40. Rxd3 Rxf2+ 41. Ke1 Re2+ 42. Kd1 Re4 43. Rxf3 Ke7 44. Kd2 Re6 45. a4 c5 46. b5 a6 47. Rb3 axb5 48. Rxb5 (48. axb5 $18 Rb6 49. Kd3) 48... Ra6 ({Black should play} 48... Kd7 $14) 49. a5 Kd7 50. Rb7+ (50. Kd3 $16) 50... Ke6 $2 ({Black should try} 50... Kc6 $1 $14 51. Rxf7 Rxa5) 51. Rb6+ Rxb6 52. axb6 c4 53. b7 Ba7 54. b8=Q Bxb8 55. Bxb8 Kf5 56. Kc3 Kg4 57. h4 Kf3 58. Kxc4 Ke4 59. Bf4 Kf5 60. Kd5 Kf6 61. Kd6 Kf5 62. Ke7 Kg6 63. Be5 h6 64. Bb2 h5 65. Bc3 Kf5 66. Kxf7 Kg4 67. Be5 1-0

[Event "FRA-ch Youth 2017"]
[Site "Belfort"]
[Date "2017.04.23"]
[Round "9"]
[White "Djidjeli, Sarah"]
[Black "Yuan, Beline"]
[Result "0-1"]
[ECO "C15"]
[WhiteElo "1934"]
[BlackElo "1845"]
[Annotator "NA RC"]
[PlyCount "112"]
[EventDate "2017.??.??"]
[EventCountry "FRA"]
[SourceTitle "playchess.com"]
[Source "ChessBase"]
[SourceQuality "1"]
[TimeControl "5400+30"]

1. e4 e6 2. d4 d5 3. Nc3 Bb4 4. Bd3 dxe4 5. Bxe4 Nf6 6. Bf3 c5 7. Nge2 {[%emt 0:01:05] LiveBook: 46 Games} O-O 8. O-O {[%emt 0:01:38] C15: French: 3 Nc3 Bb4: Unusual White 4th moves} (8. a3 cxd4 9. axb4 dxc3 10. Qxd8 Rxd8 11. Nxc3 Nc6 12. Bxc6 bxc6 13. Be3 a6 14. Na4 Nd5 15. Bd2 Rb8 {½-½ (46) Ivanov,A (2402)-Petr,M (2478) Pardubice 2009}) 8... Nc6 9. Be3 cxd4 10. Nxd4 Bxc3 $146 (10... Ne5 11. Be2 Bxc3 12. bxc3 Nd5 13. Qd2 Bd7 14. f4 Nxe3 15. Qxe3 Ng6 {0-1 (54) Werner,C (2322)-Biebinger,G (2283) Germany 2011}) 11. bxc3 Ne7 12. Nb5 Qa5 13. c4 Rd8 14. Qe2 (14. Qe1 $14 Qa4 15. Qc3) 14... a6 $1 15. Nd4 e5 16. Nb3 Qc7 $1 17. Bg5 Ne8 18. Bd5 Nf6 19. Bxf6 gxf6 20. Rad1 Ng6 21. Qf3 f5 22. Qh5 Be6 23. Bxe6 fxe6 24. Qe2 Kh8 25. Kh1 Rg8 26. Rde1 Rac8 27. c5 Qc6 28. Rg1 Rg7 29. Qf3 (29. f3 $1 $11) 29... Qxf3 30. gxf3 Rd7 31. Re3 Rcd8 32. Rb1 (32. a4 $17) 32... Nh4 ({Much less strong is} 32... Nf4 33. h4 $15) (32... Kg7 $17 {aiming for ...Kf6.} 33. Na5 Rd1+ 34. Re1 Rxe1+ 35. Rxe1 Rd2) 33. Rxe5 Rd1+ 34. Re1 Rxb1 35. Rxb1 Rd5 (35... Kg7 $11) 36. f4 Kg8 {[%emt 0:02:35] [#]} 37. c4 $1 Rd3 38. Na5 Rc3 39. Kg1 ({Much weaker is} 39. Nxb7 $6 Rxc4 40. Nd8 Rxc5 $11) 39... Rc2 40. h3 ({Much less strong is} 40. Nxb7 $6 Rxc4 41. Nd8 Rxc5 $14) 40... Nf3+ (40... e5 $16 {was worth a try.}) 41. Kg2 Nd2 42. Nxb7 $4 (42. Rxb7 $18 Nxc4 43. Nb3 Ne3+ 44. Kg3) 42... Nxb1 43. Nd6 Nd2 44. c6 Nxc4 45. Ne8 Nb6 46. c7 Nc8 47. Nf6+ Kg7 48. Nd7 Rxc7 49. Ne5 Rc2 50. a3 Nd6 51. Nd3 Rc3 52. Nb4 Rxa3 53. Nc2 Rc3 54. Nd4 Kf6 55. Ne2 Rc4 56. Ng3 Ne4 0-1

[Event "FRA-ch Youth 2017"]
[Site "Belfort"]
[Date "2017.04.23"]
[Round "9"]
[White "Maugenest, Ghislain"]
[Black "Trabet, Mathis"]
[Result "1-0"]
[ECO "A57"]
[WhiteElo "1915"]
[BlackElo "1675"]
[Annotator "NA RC"]
[PlyCount "57"]
[EventDate "2017.??.??"]
[EventCountry "FRA"]
[SourceTitle "playchess.com"]
[Source "ChessBase"]
[SourceQuality "1"]
[TimeControl "5400+30"]

1. d4 Nf6 2. c4 c5 3. d5 b5 4. cxb5 a6 5. f3 e6 6. e4 exd5 7. e5 Qe7 8. Qe2 Ng8 9. Nc3 Bb7 10. Nh3 c4 11. Be3 axb5 {[%emt 0:12:02] LiveBook: 36 Games} 12. O-O-O Qxe5 {[%emt 0:10:46] A57: Benko/Volga Gambit} 13. Qf2 $146 (13. Nxb5 $11 {keeps the balance.} Na6 14. Bd4 Qxe2 15. Bxe2) (13. f4 Qe7 14. Rxd5 d6 15. Rxb5 Nf6 16. Qd2 d5 17. Bxc4 dxc4 18. Bc5 Qd7 19. Qe3+ Qe6 20. Rxb7 Qxe3+ 21. Bxe3 {1-0 (47) Dlugy,M (2560)-Alburt,L (2535) Los Angeles 1991}) 13... Ne7 $2 (13... Bc6 $11 {and Black stays safe.}) 14. Bf4 Qf6 15. Nxb5 Ng6 16. Qe3+ Be7 17. Nc7+ Kf8 18. Nxa8 Nxf4 19. Qxf4 Qxf4+ 20. Nxf4 Bg5 21. Nb6 Bxf4+ 22. Kb1 d4 23. Rxd4 Be3 24. Rxc4 Ba6 25. Rb4 Bc5 26. Rb3 Bxf1 27. Rxf1 $18 Bd6 28. Rd1 Ke7 29. Re3+ 1-0